AoeStats
← Oldspice

Arena

509759492Analyzed
4v4 RM · 5d ago on Sep 27, 2026· 40m 45s· 8 players
Game mode
Random Map
Map size
Large (8 player)
Population
200
Speed
Normal
Resources
Standard
Victory
Conquest
Starting age
Dark Age
Ending age
Imperial Age
RankedLock teamsTeams togetherTeam positionsShared explorationLock speedFull tech treeHidden civsTurbo modeCheats
Victory
Defeat
🇵🇪 Vietnamese · Peru
1647
+13
🇨🇳 Poles · China
1481
+20
🇮🇹 Danes · Italy
1475
+20
🇹🇼 Bohemians · Taiwan
1471
+20
🇨🇳 Spanish · China
1654
-21
🇺🇸 Bohemians · United States
1572
-18
🇩🇪 Danes · Germany
1547
-17
🇭🇺 Lithuanians · Hungary
1534
-17
Oldspice
11:07 Feudal Age
12:03 Double-Bit Axe
14:44 Castle Age
12:52 Horse Collar
15:49 Bow Saw
16:29 Wheelbarrow
16:24 Heavy Plow
18:48 Loom
27:08 Imperial Age
26:08 Masonry
28:12 Chemistry
28:37 Pikeman
TheGooseTransporter
10:58 Feudal Age
12:25 Double-Bit Axe
14:57 Castle Age
13:11 Horse Collar
15:58 Bow Saw
15:10 Light Cavalry
20:36 Heavy Plow
23:02 Loom
23:52 Wheelbarrow
23:03 Town Watch
30:21 Imperial Age
28:56 Fortified Wall
29:00 Forging
29:06 Bloodlines
29:04 Scale Barding Armor
29:24 Husbandry
29:28 Gold Mining
29:55 Masonry
29:56 Careening
30:28 Cavalier
32:15 Chemistry
31:54 Chain Barding Armor
32:21 Iron Casting
33:15 Sanctity
33:45 Plate Barding Armor
35:11 Architecture
34:48 Paladin
37:13 Coinage
37:24 Winged Hussar
软脚虾3号
9:58 Feudal Age
13:43 Castle Age
11:54 Double-Bit Axe
12:05 Horse Collar
14:35 Bow Saw
15:15 Heavy Plow
22:10 Wheelbarrow
24:15 Gold Mining
24:15 Stone Mining
28:05 Imperial Age
25:34 Loom
26:04 Hand Cart
25:36 Town Watch
27:12 Ballistics
27:02 Masonry
26:51 Fletching
27:02 Padded Archer Armor
27:41 Gold Shaft Mining
27:41 Stone Shaft Mining
27:45 Squires
28:59 Bloodlines
28:49 Husbandry
28:46 Bodkin Arrow
29:06 Leather Archer Armor
30:22 Chemistry
29:45 Conscription
29:36 Bracer
29:52 Thumb Ring
29:42 Cranequins
30:55 Ring Archer Armor
30:48 Heavy Mounted Crossbowman
31:52 Elite Varangian Guard
32:56 Scale Mail Armor
33:06 Forging
33:14 Northmen's Fury
35:15 Chain Mail Armor
35:36 Iron Casting
34:30 Onager
Bz_青红
9:59 Feudal Age
13:41 Castle Age
11:41 Double-Bit Axe
11:53 Horse Collar
14:38 Bow Saw
15:13 Heavy Plow
21:29 Wheelbarrow
27:47 Imperial Age
25:29 Loom
25:39 Gold Mining
26:09 Fletching
26:48 Bodkin Arrow
27:15 Elite Skirmisher
28:32 Bracer
29:41 Chemistry
30:27 Hand Cart
30:45 Conscription
31:16 Ballistics
31:26 Capped Ram
37:17 Bloodlines
38:16 Thumb Ring
38:38 Elite Conquistador
39:54 Padded Archer Armor
TheHole
10:39 Feudal Age
11:35 Horse Collar
14:37 Castle Age
12:30 Double-Bit Axe
21:40 Wheelbarrow
21:24 Bow Saw
22:40 Hand Cart
22:54 Heavy Plow
23:34 Gold Mining
23:36 Stone Mining
25:27 Gold Shaft Mining
25:27 Stone Shaft Mining
26:01 Loom
29:14 Imperial Age
27:31 Ballistics
27:23 Scale Mail Armor
28:35 Town Watch
29:56 Chain Mail Armor
29:31 Fletching
29:20 Capped Ram
29:23 Onager
30:24 Conscription
31:48 Chemistry
30:28 Siege Ram
31:35 Squires
31:21 Arson
32:08 Plate Mail Armor
31:51 Forging
31:31 Siege Onager
32:06 Heavy Scorpion
34:34 Siege Engineers
34:05 Elite Jomsviking
35:27 Iron Casting
34:47 Bodkin Arrow
35:34 Northmen's Fury
Longbow
4:41 Loom
10:55 Feudal Age
11:15 Feudal Age
15:04 Castle Age
13:03 Double-Bit Axe
15:49 Fletching
16:11 Bow Saw
16:28 Horse Collar
20:26 Fletching
20:45 Loom
22:34 Padded Archer Armor
23:48 Bodkin Arrow
25:08 Wheelbarrow
26:37 Hand Cart
27:47 Gold Mining
28:49 Heavy Plow
28:59 Town Watch
32:32 Imperial Age
30:48 Leather Archer Armor
30:37 Stone Mining
32:04 Thumb Ring
32:35 Bloodlines
32:25 Husbandry
34:10 Bracer
36:08 Chemistry
34:54 Heavy Cavalry Archer
36:30 Ballistics
37:56 Ring Archer Armor
39:11 Two-Man Saw
39:44 Bombard Tower
Whale
11:31 Feudal Age
12:42 Double-Bit Axe
13:00 Horse Collar
15:23 Castle Age
21:42 Imperial Age
21:30 Loom
22:53 Chemistry
23:26 Bow Saw
23:38 Fervor
23:49 Sanctity
26:55 Fletching
31:43 Wheelbarrow
33:12 Hand Cart
33:09 Padded Archer Armor
33:29 Town Watch
34:53 Conscription
34:53 Heavy Plow
35:42 Leather Archer Armor
36:47 Sanctity
37:15 Bodkin Arrow
37:51 Ring Archer Armor
37:43 Ballistics
39:01 Two-Man Saw
38:50 Town Patrol
40:13 Wagenburg Tactics
40:33 Guilds
40:48 Bracer
我是你巴巴
11:11 Feudal Age
12:35 Double-Bit Axe
14:55 Castle Age
12:46 Horse Collar
16:16 Heavy Plow
17:47 Bow Saw
19:48 Wheelbarrow
22:14 Szlachta Privileges
22:21 Bloodlines
22:30 Scale Barding Armor
22:22 Gold Mining
23:04 Forging
23:08 Husbandry
24:27 Chain Barding Armor
26:04 Light Cavalry
30:58 Imperial Age
28:14 Loom
31:01 Cavalier
32:17 Iron Casting
32:05 Conscription
33:28 Crop Rotation
34:50 Chemistry
35:01 Hand Cart
34:32 Town Watch
36:46 Stone Mining
37:13 Masonry
36:44 Treadmill Crane
39:40 Bombard Tower
39:13 Fletching
40:23 Blast Furnace
39:17 Fletching
Connection lost

Rejoining the realm…

Still unreachable

The connection could not be restored.

Session expired

The server has moved on; the page needs a fresh start.